 Dungeon Crawl Stone Soup version 0.18-a0-1203-gbde16db (webtiles) character file.

1295 Banto the Covert (level 8, -1/34 HPs)
             Began as a Felid Chaos Knight on Feb 1, 2016.
             Slain by a black bear (3 damage)
             ... on level 7 of the Dungeon.
             The game lasted 00:13:02 (6910 turns).

Banto the Covert (Felid Chaos Knight)               Turns: 6910, Time: 00:13:02

Health: -1/34      AC:  2    Str:  8    XL:     8   Next: 30%
Magic:  9/9        EV: 26    Int: 13    God:    Xom [...*..]
Gold:   128        SH:  0    Dex: 18    Spells: 0 memorised, 7 levels left
                                        Lives:  0   Deaths: 2

rFire  . . .     SeeInvis +       - Unarmed
rCold  . . .     Gourm    .     (armour unavailable)
rNeg   . . .     Faith    .     (shield unavailable)
rPois  +         Spirit   .     (helmet unavailable)
rElec  .         Dismiss  .     (cloak unavailable)
rCorr  .         Reflect  .     (gloves unavailable)
SustAt .         Harm     .     (boots unavailable)
MR     +....                    (no amulet)
Stlth  ++++++....               q - +1 ring of slaying
                                d - ring of poison resistance

@: quick, somewhat resistant to hostile enchantments, very stealthy
A: no armour, no weapons or thrown items, claws 1, fangs 3, see invisible,
carnivore 3, speed 1, shaggy fur 2, slow metabolism 1, sharp paws
a: Renounce Religion


You were on level 7 of the Dungeon.
You worshipped Xom.
You were a favourite toy of Xom.
You were not hungry.

You visited 2 branches of the dungeon, and saw 8 of its levels.

You collected 218 gold pieces.
You spent 90 gold pieces at shops.

Inventory:

Jewellery
 d - a ring of poison resistance (left paw)
 o - an uncursed ring of wizardry
 q - a +1 ring of slaying (right paw)
Scrolls
 f - 7 scrolls of remove curse
 h - 2 scrolls of fog
 j - 2 scrolls of teleportation
 m - a scroll of fear
 p - a scroll of magic mapping
Potions
 b - 2 potions of agility
 c - 6 potions of curing
 e - a potion of brilliance
 g - a potion of flight
 i - a potion of magic
 n - a potion of haste
Books
 l - a book of Enchantments

   Spells                             Type                      Level
   a - Cause Fear                     Hexes                        4
   b - Yara's Violent Unravelling     Hexes/Transmutation          5
   c - Silence                        Hexes/Air                    5
   d - Deflect Missiles               Charms/Air                   6
   e - Haste                          Charms                       6
   f - Discord                        Hexes                        8
Comestibles
 a - 4 meat rations
 k - 3 beef jerkies


   Skills:
 - Level 3.0 Fighting
 - Level 10.0 Dodging
 + Level 11.8 Stealth
 - Level 6.0 Unarmed Combat


You had 7 spell levels left.
You didn't know any spells.

Dungeon Overview and Level Annotations

Branches:
Dungeon (7/15)             Temple (1/1) D:5

Altars:
Ashenzari
Elyvilon
Fedhas
Gozag
Makhleb
Pakellas
Qazlal
Sif Muna
Vehumet
Xom
Yredelemnul
Zin
The Shining One

Shops:
D:5 (


Innate Abilities, Weirdness & Mutations

You cannot wear armour.
You are incapable of wielding weapons or throwing items.
You have sharp claws.
You have razor-sharp teeth.
You have supernaturally acute eyesight.
You are carnivorous and can eat meat at any time.
You cover ground quickly.
You are covered in thick fur (AC +2).
You have a slow metabolism.
Your sharp claws are effective at attacking unaware monsters.


Message History

You barely miss the black bear. You bite the black bear.
The black bear is heavily wounded.
The black bear bites you.
* * * LOW HITPOINT WARNING * * *
The black bear closely misses you. The black bear completely misses you.
You scratch the black bear.
The black bear is heavily wounded.
The black bear completely misses you. The black bear misses you.
The black bear barely misses you.
You closely miss the black bear.
The black bear is heavily wounded.
The black bear bites you.
* * * LOW HITPOINT WARNING * * *
The black bear barely misses you. The black bear closely misses you.
You barely miss the black bear.
The black bear is heavily wounded.
The black bear bites you but does no damage.
The black bear claws you but does no damage.
The black bear claws you.
You die...

###### ##..... ##...... ########
########## #.......
.......########........# #.......
######.(...............# #.......
##########........# #.......
####### ##...h##?#####.......
......#######...@.##.####........
#####......#......##..##..#......
# ######.....######....##.%..†. #
##..###......##......##### #
##....# ######<.............
######...### ##....####.....
....##.#.# #####..### ##..###
....#..#.# #......# #..##
......#..# #.##..######..#


You could see a black bear.

Vanquished Creatures
  Menkaure (D:4)
  An orc warrior (D:7)
  An ice beast (D:5)
  2 sky beasts (D:7)
  4 ogres
  A phantom (D:5)
  A centaur (D:7)
  4 giant frogs
  A gnoll sergeant (D:5)
  A scorpion (D:5)
  3 killer bees (D:7)
  A crimson imp (D:6)
  A quasit (D:4)
  An orc priest (D:5)
  2 hounds (D:7)
  5 orc wizards
  Ijyb (D:2)
  3 worker ants
  3 killer bee zombies
  2 hound skeletons
  16 gnolls
  8 adders
  A shadow imp (D:7)
  An ooze (D:2)
  An adder skeleton (D:7)
  3 worms
  4 giant geckos
  21 orcs
  10 giant cockroaches
  5 goblins
  8 hobgoblins
  7 jackals
  8 kobolds
  2 quokkas
  2 ball pythons (D:1)
  9 bats
  A giant gecko skeleton (D:6)
  4 giant newts
  A quokka skeleton (D:4)
  4 rats
155 creatures vanquished.

Vanquished Creatures (collateral kills)
  A killer bee (D:7)
1 creature vanquished.

Vanquished Creatures (others)
  A jelly (D:4)
  A fungus (D:6)
  2 plants (D:6)
4 creatures vanquished.

Grand Total: 160 creatures vanquished

Notes
Turn   | Place    | Note
--------------------------------------------------------------
     0 | D:1      | Banto the Felid Chaos Knight began the quest for the Orb.
     0 | D:1      | Reached XP level 1. HP: 10/10 MP: 2/2
    76 | D:1      | Reached skill level 1 in Stealth
   123 | D:1      | Reached XP level 2. HP: 12/14 MP: 3/3
   362 | D:1      | XOM: harmless Air miscast
   473 | D:1      | XOM: mild Air miscast
   706 | D:2      | Reached XP level 3. HP: 14/17 MP: 4/4
   934 | D:2      | Reached skill level 4 in Dodging
   943 | D:2      | Noticed Ijyb
   953 | D:2      | XOM: harmless Fire miscast
   964 | D:2      | Killed Ijyb
  1013 | D:2      | Reached XP level 4. HP: 19/21 MP: 5/5
  1333 | D:2      | XOM: silly message
  1360 | D:3      | XOM: silly message
  1480 | D:3      | XOM: smoke on damage
  1638 | D:3      | XOM: mild Conj miscast
  1650 | D:3      | Reached skill level 5 in Dodging
  1839 | D:3      | XOM is BORED!
  1839 | D:3      | XOM: mild Air miscast
  1946 | D:3      | Found an opulent altar of Gozag.
  1947 | D:3      | XOM: silly message
  1958 | D:3      | Reached XP level 5. HP: 22/24 MP: 6/6
  1972 | D:3      | XOM: summons 4 friendly demons
  2056 | D:3      | XOM: noise
  2472 | D:3      | XOM: noise
  2681 | D:3      | XOM: mild Hex miscast
  2698 | D:3      | XOM: chaos upgrade
  2704 | D:3      | XOM: medium Air miscast
  2755 | D:3      | XOM is BORED!
  2755 | D:3      | XOM: confusion
  2861 | D:4      | Found a glowing silver altar of Zin.
  2861 | D:4      | Found Zin's Purification Station.
  3058 | D:4      | XOM: harmless Conj miscast
  3069 | D:4      | Found a stormy altar of Qazlal.
  3099 | D:4      | Bought a potion of curing for 90 gold pieces
  3170 | D:4      | Gained mutation: You are covered in thick fur (AC +2). [Felid growth]
  3170 | D:4      | Reached XP level 6. HP: 12/28 MP: 7/7
  3234 | D:4      | XOM: mild Ice miscast
  3243 | D:4      | Noticed Menkaure
  3359 | D:4      | Found an oddly glowing altar of Pakellas.
  3359 | D:4      | Noticed an orange crystal statue
  3432 | D:4      | XOM: fake destruction
  3433 | D:4      | Xom revived you
  3433 | D:4      | Slain by a worker ant
  3434 | D:4      | Reached XP level 5. HP: -3/24 MP: 6/6
  3442 | D:4      | Killed Menkaure
  3442 | D:4      | Reached skill level 6 in Dodging
  3442 | D:4      | Reached skill level 5 in Stealth
  3442 | D:4      | Reached XP level 6. HP: 28/28 MP: 7/7
  3474 | D:4      | Found a blossoming altar of Fedhas.
  3499 | D:4      | XOM: god gift: conspicuous book {god gift}
  3500 | D:4      | Identified Xom's Grimoire of the Forsaken Spirits (Xom gifted it to you on level 4 of the Dungeon)
  3582 | D:4      | XOM: 3-stop teleportation journey
  3638 | D:4      | XOM: summons 2 hostile shadow creatures
  3716 | D:4      | XOM: vitrification
  3724 | D:4      | XOM: mild Necr miscast
  3734 | D:4      | Reached skill level 5 in Unarmed Combat
  3926 | D:4      | XOM: severe Divn miscast
  3929 | D:4      | XOM: divination: detect creatures
  4039 | D:5      | Entered Level 5 of the Dungeon
  4051 | D:5      | XOM: potion effect (invisibility)
  4053 | D:5      | Reached skill level 7 in Dodging
  4059 | D:5      | Reached XP level 7. HP: 31/31 MP: 8/8
  4089 | D:5      | XOM: potion effect (berserk rage)
  4493 | D:4      | XOM: harmless Ice miscast
  4610 | D:5      | XOM: colour smoke trail
  4620 | D:5      | XOM: cast spell 'Call Canine Familiar'
  4836 | D:5      | Found a white marble altar of Elyvilon.
  4858 | D:5      | XOM: mild Conj miscast
  4862 | D:5      | Reached skill level 8 in Dodging
  4939 | D:5      | Found a burning altar of Makhleb.
  4951 | D:5      | XOM: harmless Chrm miscast
  5000 | D:5      | Found a staircase to the Ecumenical Temple.
  5025 | Temple   | Entered the Ecumenical Temple
  5142 | D:5      | XOM: silly message
  5191 | D:5      | Found Rutiycwe's Antique Weapon Emporium.
  5253 | D:6      | Reached XP level 8. HP: 34/34 MP: 9/9
  5284 | D:6      | Found a shattered altar of Ashenzari.
  5288 | D:6      | Saw a vision of the Swamp and the Spider Nest.
  5288 | D:6      | Noticed an alligator
  5372 | D:6      | XOM: silly message
  5384 | D:6      | Reached skill level 9 in Dodging
  5720 | D:6      | XOM: silly message
  5784 | D:6      | XOM: potion effect (might)
  6237 | D:7      | XOM: smoke on damage
  6247 | D:7      | Reached skill level 10 in Dodging
  6315 | D:7      | XOM: harmless Air miscast
  6379 | D:7      | Reached skill level 10 in Stealth
  6494 | D:7      | XOM: destruction
  6659 | D:7      | XOM: 5-stop teleportation journey
  6718 | D:7      | XOM: butterfly on damage
  6724 | D:7      | Slain by an ogre
  6725 | D:7      | Reached XP level 7. HP: -5/31 MP: 8/8
  6731 | D:7      | Reached skill level 11 in Stealth
  6731 | D:7      | Reached XP level 8. HP: 34/34 MP: 9/9
  6855 | D:7      | XOM: cast spell 'Summon Swarm'
  6910 | D:7      | Slain by a black bear

Vault maps used:
D:1:      dpeg_arrival_pits, corner_web_ring
D:2:      minmay_misc_feat_chi, uniq_iyjb
D:3:      nicolae_gozag_seed_capital
D:4:      fedhas_altar_1, zin_purify, lemuel_crystal_altar,
          gammafunk_pakellas_statue_experiment, first_bread,
          serial_bayou_pond_d, minmay_tree_intersection,
          minmay_misc_feat_hallway, uniq_menkaure
D:5:      lemuel_round_altar, elyvilon_altar_4,
          minmay_temple_entry_enclosed_plants, serial_shops, nicolae_shop_trees,
          small_statue_intersection, due_unseen_surprise
D:6:      hex_large, grunt_ashenzari_visionary
Temple:   triangle_lava_temple_12

Action                   |  1- 3 |  4- 6 |  7- 9 || total
-------------------------+-------+-------+-------++-------
Melee: Unarmed           |    97 |   253 |   233 ||   583
  Use: Scroll            |     4 |     4 |     6 ||    14
       Potion            |       |     2 |     2 ||     4
 Stab: Sleeping          |     6 |     9 |    11 ||    26
       Invisible         |       |     5 |     6 ||    11
  Eat: Chunk             |     7 |    10 |     8 ||    25
